[Event "XLII Barbera Open 2019"]
[Site "Barbera"]
[Date "2019.07.08"]
[Round "5.7"]
[White "Sturt, Raven"]
[Black "Radnai, Adam"]
[Result "1-0"]
[ECO "D10"]
[WhiteElo "2429"]
[BlackElo "2309"]
[Annotator "NA"]
[PlyCount "67"]
[EventDate "2019.07.04"]
[EventType "swiss"]
[EventCountry "ESP"]
[SourceTitle "playchess.com"]
[Source "ChessBase"]
[SourceQuality "1"]
[TimeControl "5400+30"]

1. d4 d5 2. c4 c6 3. Nc3 dxc4 4. e3 b5 5. a4 b4 6. Na2 e6 7. Bxc4 Nf6 8. Nf3 Be7 9. Bd2 a5 10. O-O O-O 11. Nc1 c5 12. Nb3 cxd4 13. Nbxd4 Bb7 14. Rc1 Qb6 15. Qe2 Nbd7 16. Rfd1 Nc5 17. b3 Nfe4 18. Be1 Bf6 19. Nb5 Rad8 20. Nfd4 e5 21. Nf5 g6 22. Nh6+ Kg7 23. Ng4 Rxd1 24. Rxd1 Rd8 25. f3 Nd6 26. Nxf6 Nxb5 27. Rxd8 Qxd8 28. Nh5+ gxh5 29. axb5 Qd6 30. h3 Bc8 31. f4 Qg6 32. fxe5 Bxh3 33. Bh4 Nd7 34. Bf6+ 1-0

[Event "XLII Barbera Open 2019"]
[Site "Barbera"]
[Date "2019.07.08"]
[Round "5.8"]
[White "Valenzuela Gomez, Fernando"]
[Black "Cruz, Filemon"]
[Result "1-0"]
[ECO "E92"]
[WhiteElo "2394"]
[BlackElo "2304"]
[Annotator "NA"]
[PlyCount "61"]
[EventDate "2019.07.04"]
[EventType "swiss"]
[EventCountry "ESP"]
[SourceTitle "playchess.com"]
[Source "ChessBase"]
[SourceQuality "1"]
[TimeControl "5400+30"]

1. d4 Nf6 2. c4 g6 3. Nc3 Bg7 4. e4 d6 5. Nf3 O-O 6. Be2 e5 7. d5 a5 8. Bg5 h6 9. Be3 Ng4 10. Bd2 f5 11. h3 Nf6 12. exf5 gxf5 13. Qc1 f4 14. g3 e4 15. Nh4 e3 16. fxe3 fxg3 17. Ng6 Rf7 18. Qc2 Na6 19. O-O-O c6 20. Nf4 Nb4 21. Qg6 cxd5 22. cxd5 Qb6 23. Ne6 Nbxd5 24. Nxd5 Qc6+ 25. Bc3 Bxe6 26. Nxf6+ Rxf6 27. Qxg3 Rc8 28. Rhg1 Rc7 29. Rxd6 Qe8 30. Bc4 Qa4 31. Rd8+ 1-0

[Event "XLII Barbera Open 2019"]
[Site "Barbera"]
[Date "2019.07.08"]
[Round "5.9"]
[White "Perez Mitjans, Orelvis"]
[Black "Lacrosse, Marc"]
[Result "1-0"]
[ECO "C52"]
[WhiteElo "2416"]
[BlackElo "2189"]
[Annotator "NA"]
[PlyCount "40"]
[EventDate "2019.07.04"]
[EventType "swiss"]
[EventCountry "ESP"]
[SourceTitle "playchess.com"]
[Source "ChessBase"]
[SourceQuality "1"]
[TimeControl "5400+30"]

1. e4 e5 2. Nf3 Nc6 3. Bc4 Bc5 4. b4 Bxb4 5. c3 Ba5 6. O-O d6 7. d4 Bb6 8. dxe5 dxe5 9. Bd5 Bd7 10. Qb3 Qf6 11. Bg5 Qg6 12. Nbd2 Nge7 13. Nc4 f6 14. Be3 Bh3 15. Ne1 Nd8 16. Qa3 Bxe3 17. Nxe3 Be6 18. f4 exf4 19. Rxf4 Qf7 20. Nf3 Ng6 1-0

[Event "XLII Barbera Open 2019"]
[Site "Barbera"]
[Date "2019.07.09"]
[Round "6.1"]
[White "Moskalenko, Viktor"]
[Black "Rios, Cristhian Camilo"]
[Result "0-1"]
[ECO "D31"]
[WhiteElo "2500"]
[BlackElo "2520"]
[Annotator "ChessBase"]
[PlyCount "106"]
[EventDate "2019.07.04"]
[EventType "swiss"]
[EventCountry "ESP"]
[SourceTitle "playchess.com"]
[Source "ChessBase"]
[SourceQuality "1"]
[TimeControl "5400+30"]

1. d4 d5 2. c4 e6 3. Nc3 Bb4 4. e3 Nf6 5. a3 Bxc3+ 6. bxc3 c6 7. Bd3 e5 8. dxe5 dxc4 9. exf6 cxd3 10. fxg7 Rg8 11. Qf3 Rxg7 12. Nh3 Bxh3 13. Qxh3 Qd7 14. Rb1 Qxh3 15. gxh3 Nd7 16. Rxb7 Ne5 17. e4 d2+ 18. Bxd2 Nf3+ 19. Ke2 Nxd2 20. Rb4 a5 21. Ra4 Nb3 22. Rb1 Rb8 23. Ke3 Rg5 24. Rc4 Rb6 25. Rd1 Rh5 26. Rd6 Rxh3+ 27. f3 Rxh2 28. Rdxc6 Rxc6 29. Rxc6 Ra2 30. Rh6 Rxa3 31. Rxh7 a4 32. Rh8+ Ke7 33. Ra8 Ra1 34. Kd3 a3 35. Kc2 Nc5 36. c4 a2 37. Kb2 Rf1 38. Rxa2 Rxf3 39. Ra5 Kd6 40. e5+ Kc6 41. Ra8 Nd3+ 42. Kc3 Nxe5+ 43. Kd4 Nd7 44. Ra6+ Kb7 45. Rh6 Rf4+ 46. Kd5 Nb6+ 47. Ke5 Rxc4 48. Rh7 Rc7 49. Rg7 Kc6 50. Rg8 Nd5 51. Rf8 Re7+ 52. Kf5 Kd7 53. Ra8 Re6 0-1

[Event "XLII Barbera Open 2019"]
[Site "Barbera"]
[Date "2019.07.09"]
[Round "6.2"]
[White "Morales, Jhon Alexander"]
[Black "Peralta, Fernando"]
[Result "0-1"]
[ECO "C07"]
[WhiteElo "2422"]
[BlackElo "2562"]
[Annotator "ChessBase"]
[PlyCount "66"]
[EventDate "2019.07.04"]
[EventType "swiss"]
[EventCountry "ESP"]
[SourceTitle "playchess.com"]
[Source "ChessBase"]
[SourceQuality "1"]
[TimeControl "5400+30"]

1. e4 e6 2. d4 d5 3. Nd2 c5 4. Ngf3 cxd4 5. Nxd4 Nc6 6. Nxc6 bxc6 7. Bd3 Nf6 8. Qe2 Be7 9. O-O O-O 10. c4 a5 11. b3 a4 12. Rb1 axb3 13. axb3 Bb7 14. e5 Nd7 15. Nf3 c5 16. Re1 d4 17. Be4 Qc7 18. Bg5 Bxg5 19. Nxg5 h6 20. Bxb7 Qxb7 21. Ne4 Qc6 22. Nd6 f6 23. f4 fxe5 24. fxe5 Rad8 25. Qg4 Nxe5 26. Qxe6+ Kh7 27. Qxe5 Rxd6 28. Qe4+ Qxe4 29. Rxe4 Rb8 30. Re5 d3 31. Rxc5 d2 32. Rd5 Rxd5 33. cxd5 Rc8 0-1

[Event "XLII Barbera Open 2019"]
[Site "Barbera"]
[Date "2019.07.09"]
[Round "6.3"]
[White "Oliva Castaneda, Kevel"]
[Black "Sturt, Raven"]
[Result "1/2-1/2"]
[ECO "A13"]
[WhiteElo "2467"]
[BlackElo "2429"]
[Annotator "ChessBase"]
[PlyCount "105"]
[EventDate "2019.07.04"]
[EventType "swiss"]
[EventCountry "ESP"]
[SourceTitle "playchess.com"]
[Source "ChessBase"]
[SourceQuality "1"]
[TimeControl "5400+30"]

1. c4 Nf6 2. Nf3 e6 3. g3 d5 4. Bg2 dxc4 5. Qa4+ Bd7 6. Qxc4 c5 7. Ne5 Qc8 8. Qd3 Nc6 9. Nxd7 Nxd7 10. Qb5 Nd4 11. Qa4 Be7 12. Nc3 O-O 13. d3 c4 14. O-O Nb6 15. Qd1 Rd8 16. e3 Nc6 17. d4 Nb4 18. b3 e5 19. d5 Qc5 20. e4 Qd4 21. Bd2 cxb3 22. axb3 Nd7 23. Re1 Rac8 24. Nb5 Qb6 25. d6 Bxd6 26. Nxd6 Qxd6 27. Bg5 Qxd1 28. Rexd1 f6 29. Bh3 fxg5 30. Bxd7 Ra8 31. Be6+ Kf8 32. Rxd8+ Rxd8 33. Rxa7 Rb8 34. Ra4 Nc6 35. Bd5 Ke7 36. Kg2 Kd6 37. Bxc6 bxc6 38. Ra7 Rxb3 39. Rxg7 c5 40. Rxh7 c4 41. Rh8 Kc5 42. h4 gxh4 43. gxh4 Kd4 44. h5 Kxe4 45. h6 Kf5 46. Rc8 Kg6 47. Rc6+ Kh7 48. Rxc4 Kxh6 49. Rc5 Kg5 50. Rxe5+ Kf4 51. Rh5 Kg4 52. Rh8 Rb2 53. Rg8+ 1/2-1/2

[Event "XLII Barbera Open 2019"]
[Site "Barbera"]
[Date "2019.07.09"]
[Round "6.4"]
[White "Sreeshwan Maralakshikari"]
[Black "Valenzuela Gomez, Fernando"]
[Result "0-1"]
[ECO "E61"]
[WhiteElo "2461"]
[BlackElo "2394"]
[Annotator "ChessBase"]
[PlyCount "94"]
[EventDate "2019.07.04"]
[EventType "swiss"]
[EventCountry "ESP"]
[SourceTitle "playchess.com"]
[Source "ChessBase"]
[SourceQuality "1"]
[TimeControl "5400+30"]

1. d4 Nf6 2. c4 g6 3. Nc3 Bg7 4. Nf3 O-O 5. e4 d6 6. h3 Na6 7. Be3 c6 8. g4 d5 9. e5 Ne4 10. Bd3 Nxc3 11. bxc3 dxc4 12. Bxc4 Nc7 13. Bb3 b5 14. Ng5 Nd5 15. Ne4 Kh8 16. h4 f5 17. Ng5 h6 18. h5 e6 19. Bd2 hxg5 20. hxg6+ Kg8 21. gxf5 Rxf5 22. Rh7 Nf4 23. Qg4 Nxg6 24. Qxf5 Kxh7 25. Qe4 Bd7 26. O-O-O Bh6 27. Rg1 Qe7 28. f4 Be8 29. fxg5 Bg7 30. Qg4 Bf7 31. Qh5+ Kg8 32. Bc2 Qe8 33. Rf1 Nf8 34. g6 Bxg6 35. Rxf8+ Qxf8 36. Bxg6 Qf1+ 37. Kc2 Kf8 38. Bh6 Qg2+ 39. Kb3 Qd5+ 40. Ka3 Qd7 41. Bg5 b4+ 42. cxb4 a5 43. b5 Rb8 44. Qf3+ Kg8 45. Qxc6 Bf8+ 46. Ka4 Qxd4+ 47. Kxa5 Qb4+ 0-1

[Event "XLII Barbera Open 2019"]
[Site "Barbera"]
[Date "2019.07.09"]
[Round "6.5"]
[White "Harutyunian, Tigran K."]
[Black "Volkov, Dmitry V"]
[Result "1-0"]
[ECO "E63"]
[WhiteElo "2539"]
[BlackElo "2199"]
[Annotator "ChessBase"]
[PlyCount "63"]
[EventDate "2019.07.04"]
[EventType "swiss"]
[EventCountry "ESP"]
[SourceTitle "playchess.com"]
[Source "ChessBase"]
[SourceQuality "1"]
[TimeControl "5400+30"]

1. d4 Nf6 2. Nf3 g6 3. c4 Bg7 4. g3 d6 5. Bg2 O-O 6. Nc3 Nc6 7. O-O a6 8. Re1 Rb8 9. Rb1 b5 10. cxb5 axb5 11. b4 e5 12. dxe5 Nxe5 13. Nxe5 dxe5 14. Be3 Bb7 15. Ba7 Ra8 16. Bxb7 Rxa7 17. Qxd8 Rxd8 18. Bc6 Ne8 19. Nxb5 Rxa2 20. Bxe8 Rxe8 21. Nxc7 Rb8 22. e4 Bf8 23. Nd5 Rd2 24. Rec1 Ra8 25. b5 Raa2 26. Nc3 Rab2 27. Rxb2 Rxb2 28. Rb1 Rxb1+ 29. Nxb1 Bb4 30. b6 Kf8 31. Nc3 Ke8 32. Nb5 1-0

[Event "XLII Barbera Open 2019"]
[Site "Barbera"]
[Date "2019.07.09"]
[Round "6.6"]
[White "Lopez Gonzalez, Abel Fabian"]
[Black "Munoz, Miguel"]
[Result "0-1"]
[ECO "B01"]
[WhiteElo "2355"]
[BlackElo "2511"]
[Annotator "ChessBase"]
[PlyCount "106"]
[EventDate "2019.07.04"]
[EventType "swiss"]
[EventCountry "ESP"]
[SourceTitle "playchess.com"]
[Source "ChessBase"]
[SourceQuality "1"]
[TimeControl "5400+30"]

1. e4 d5 2. exd5 Qxd5 3. Nc3 Qa5 4. d4 Nf6 5. Bc4 Bg4 6. Nge2 Nc6 7. Bd2 Bxe2 8. Nxe2 Qh5 9. c3 O-O-O 10. Ng3 Qxd1+ 11. Rxd1 e5 12. Bxf7 exd4 13. O-O Bc5 14. cxd4 Nxd4 15. Be3 Rd7 16. Bc4 Rhd8 17. Ne2 Nxe2+ 18. Bxe2 Bxe3 19. fxe3 Re8 20. Rxd7 Kxd7 21. Rd1+ Ke6 22. Rd4 c5 23. Rd3 Re7 24. Bf3 Rc7 25. Kf2 Ke5 26. Rd8 c4 27. Ra8 b6 28. Ke2 Kd6 29. Kd2 Kc5 30. Ke2 Kb4 31. e4 a5 32. Ke3 Nd7 33. Kf4 Nc5 34. Ke5 Rd7 35. Rb8 Kb5 36. a4+ Nxa4 37. Bg4 Rd2 38. Kf4 Rd4 39. Ke3 Rd3+ 40. Ke2 Nxb2 41. e5 Rd5 42. Re8 Nd3 43. e6 Re5+ 44. Kd2 h5 45. Bf3 Nf4 46. e7 Ng6 47. Rg8 Rxe7 48. Bxh5 Nf4 49. Bf3 Kb4 50. Rb8 b5 51. Bc6 Re5 52. h4 c3+ 53. Kd1 c2+ 0-1

[Event "XLII Barbera Open 2019"]
[Site "Barbera"]
[Date "2019.07.09"]
[Round "6.7"]
[White "Leon Valdes, Jony Wilson"]
[Black "Berdayes Ason, Dylan Isidro"]
[Result "0-1"]
[ECO "A50"]
[WhiteElo "2364"]
[BlackElo "2461"]
[Annotator "ChessBase"]
[PlyCount "74"]
[EventDate "2019.07.04"]
[EventType "swiss"]
[EventCountry "ESP"]
[SourceTitle "playchess.com"]
[Source "ChessBase"]
[SourceQuality "1"]
[TimeControl "5400+30"]

1. d4 Nf6 2. c4 g6 3. f3 c5 4. d5 b5 5. cxb5 a6 6. b6 Bg7 7. Nc3 O-O 8. e4 d6 9. a4 a5 10. Qb3 Ba6 11. b7 Ra7 12. Bxa6 Nxa6 13. Nge2 Qb8 14. O-O Nc7 15. Nb5 Nxb5 16. axb5 Qxb7 17. Nc3 Rb8 18. Bd2 Ne8 19. Ra3 Bd4+ 20. Kh1 Nc7 21. Qc4 Nxb5 22. Rb3 Bxc3 23. bxc3 a4 24. Rb2 a3 25. Rb3 Qa6 26. Ra1 Rb6 27. h3 Qa4 28. Qxa4 Rxa4 29. Ra2 c4 30. Rb4 Rxb4 31. cxb4 Ra6 32. Kg1 c3 33. Bc1 Ra4 34. Kf2 Rxb4 35. Ke3 Rb1 36. Rxa3 Nxa3 37. Bxa3 Ra1 0-1

[Event "XLII Barbera Open 2019"]
[Site "Barbera"]
[Date "2019.07.09"]
[Round "6.8"]
[White "Ortega Serra, Marc"]
[Black "Perez Mitjans, Orelvis"]
[Result "0-1"]
[ECO "D02"]
[WhiteElo "2329"]
[BlackElo "2416"]
[Annotator "NA"]
[PlyCount "70"]
[EventDate "2019.07.04"]
[EventType "swiss"]
[EventCountry "ESP"]
[SourceTitle "playchess.com"]
[Source "ChessBase"]
[SourceQuality "1"]
[TimeControl "5400+30"]

1. d4 d5 2. Nf3 Nc6 3. g3 Bf5 4. Bg2 Nb4 5. Na3 e6 6. O-O Be7 7. c4 c6 8. Bd2 a5 9. c5 Nf6 10. Qb3 Nd7 11. Rac1 b6 12. cxb6 a4 13. Qd1 Qxb6 14. Bxb4 Qxb4 15. Qd2 Qb7 16. Qc3 Ra6 17. Nh4 Bxh4 18. gxh4 O-O 19. f3 Nf6 20. Rfe1 Bg6 21. e4 Nh5 22. Qd2 Qe7 23. Qg5 Qb4 24. Qe3 Rb6 25. f4 Nf6 26. f5 exf5 27. exd5 cxd5 28. Bf3 h5 29. Nc2 Qxb2 30. Qf4 Rc8 31. Na1 Rxc1 32. Rxc1 Qxa2 33. Rc8+ Kh7 34. Nc2 Qb1+ 35. Kg2 Rb2 0-1

[Event "XLII Barbera Open 2019"]
[Site "Barbera"]
[Date "2019.07.09"]
[Round "6.9"]
[White "Harikrishnan.A.Ra"]
[Black "Hernandez, Cristian Andres"]
[Result "1-0"]
[ECO "A05"]
[WhiteElo "2401"]
[BlackElo "2355"]
[Annotator "NA"]
[PlyCount "95"]
[EventDate "2019.07.04"]
[EventType "swiss"]
[EventCountry "ESP"]
[SourceTitle "playchess.com"]
[Source "ChessBase"]
[SourceQuality "1"]
[TimeControl "5400+30"]

1. Nf3 Nf6 2. g3 g6 3. Bg2 Bg7 4. O-O O-O 5. d3 d5 6. Nbd2 d4 7. Nc4 Nc6 8. Bd2 Nd5 9. Qc1 Re8 10. Bh6 Bh8 11. Qd2 e5 12. e4 dxe3 13. fxe3 Nb6 14. Nxb6 axb6 15. Ng5 f6 16. Ne4 Bf5 17. Rf2 Qe7 18. Raf1 Nd8 19. Nxf6+ Bxf6 20. e4 Nf7 21. exf5 Nxh6 22. Qxh6 Bg5 23. Bd5+ Kh8 24. Qh3 Be3 25. fxg6 Qg7 26. Kg2 Bxf2 27. Rxf2 Qxg6 28. Be4 Qg7 29. Rf5 Re7 30. Rh5 Qg8 31. Qh4 Rf7 32. Bd5 Raf8 33. Kh3 c6 34. Rg5 cxd5 35. Rxg8+ Rxg8 36. Qh5 Re7 37. Qf3 Rge8 38. Qxd5 e4 39. dxe4 Rxe4 40. Qxb7 R8e6 41. Qf7 h6 42. c3 Re2 43. a4 R2e4 44. b4 R4e5 45. c4 Rc6 46. c5 bxc5 47. b5 Rd6 48. Qf8+ 1-0

[Event "XLII Barbera Open 2019"]
[Site "Barbera"]
[Date "2019.07.09"]
[Round "6.10"]
[White "Meessen, Rudolf"]
[Black "Vehi Bach, Victor Manuel"]
[Result "1/2-1/2"]
[ECO "B90"]
[WhiteElo "2269"]
[BlackElo "2339"]
[Annotator "NA"]
[PlyCount "33"]
[EventDate "2019.07.04"]
[EventType "swiss"]
[EventCountry "ESP"]
[SourceTitle "playchess.com"]
[Source "ChessBase"]
[SourceQuality "1"]
[TimeControl "5400+30"]

1. e4 c5 2. Nf3 d6 3. d4 cxd4 4. Nxd4 Nf6 5. Nc3 a6 6. Be3 e6 7. Be2 Be7 8. O-O O-O 9. a4 Nc6 10. f4 Qc7 11. Qe1 Nxd4 12. Bxd4 e5 13. fxe5 dxe5 14. Qg3 Bc5 15. Bxc5 Qxc5+ 16. Kh1 Kh8 17. Rad1 1/2-1/2

[Event "XLII Barbera Open 2019"]
[Site "Barbera"]
[Date "2019.07.10"]
[Round "7.1"]
[White "Rios, Cristhian Camilo"]
[Black "Peralta, Fernando"]
[Result "1/2-1/2"]
[ECO "E21"]
[WhiteElo "2520"]
[BlackElo "2562"]
[Annotator "ChessBase"]
[PlyCount "66"]
[EventDate "2019.07.04"]
[EventType "swiss"]
[EventCountry "ESP"]
[SourceTitle "playchess.com"]
[Source "ChessBase"]
[SourceQuality "1"]
[TimeControl "5400+30"]

1. d4 Nf6 2. c4 e6 3. Nc3 Bb4 4. Nf3 c5 5. g3 Nc6 6. Bg2 Ne4 7. Bd2 Nxd2 8. Qxd2 cxd4 9. Nxd4 O-O 10. Nc2 Be7 11. O-O a6 12. Rfd1 Qc7 13. Ne4 Ne5 14. b3 d6 15. Ne3 Rd8 16. Rac1 Rb8 17. Qb2 b6 18. h4 Bb7 19. b4 Rbc8 20. f4 Bxe4 21. Bxe4 Nd7 22. Kg2 Qa7 23. Qa3 Rc7 24. Qd3 Nf6 25. Bf3 Rdc8 26. Rc2 b5 27. cxb5 axb5 28. Rxc7 Rxc7 29. Qxb5 d5 30. f5 Rb7 31. Qc6 Rc7 32. Qb5 Rb7 33. Qc6 Rc7 1/2-1/2

[Event "XLII Barbera Open 2019"]
[Site "Barbera"]
[Date "2019.07.10"]
[Round "7.2"]
[White "Valenzuela Gomez, Fernando"]
[Black "Harutyunian, Tigran K."]
[Result "0-1"]
[ECO "D90"]
[WhiteElo "2394"]
[BlackElo "2539"]
[Annotator "ChessBase"]
[PlyCount "74"]
[EventDate "2019.07.04"]
[EventType "swiss"]
[EventCountry "ESP"]
[SourceTitle "playchess.com"]
[Source "ChessBase"]
[SourceQuality "1"]
[TimeControl "5400+30"]

1. d4 Nf6 2. c4 g6 3. Nc3 d5 4. Nf3 Bg7 5. h4 c6 6. cxd5 cxd5 7. Bf4 Nc6 8. e3 O-O 9. Qb3 Na5 10. Qb4 Nc6 11. Qb3 Re8 12. Ne5 Na5 13. Qa3 a6 14. b4 Nc6 15. b5 Nxe5 16. Bxe5 Bf8 17. Qb3 Ng4 18. Bg3 e5 19. Be2 exd4 20. exd4 axb5 21. Qxb5 Ra3 22. Rc1 Bd7 23. Qb2 Qa5 24. Kf1 Bh6 25. Rc2 Bf5 26. Bd6 Bxc2 27. Qxa3 Qb6 28. Qb4 Qc6 29. Qc5 Bd2 30. Rh3 Qd7 31. Nxd5 Bd1 32. Ne7+ Rxe7 33. Bxe7 Qe6 34. Qc4 Qf5 35. Bxg4 Bxg4 36. Rb3 Qe4 37. Re3 Qb1+ 0-1

[Event "XLII Barbera Open 2019"]
[Site "Barbera"]
[Date "2019.07.10"]
[Round "7.3"]
[White "Munoz, Miguel"]
[Black "Harikrishnan.A.Ra"]
[Result "1/2-1/2"]
[ECO "C77"]
[WhiteElo "2511"]
[BlackElo "2401"]
[Annotator "ChessBase"]
[PlyCount "37"]
[EventDate "2019.07.04"]
[EventType "swiss"]
[EventCountry "ESP"]
[SourceTitle "playchess.com"]
[Source "ChessBase"]
[SourceQuality "1"]
[TimeControl "5400+30"]

1. e4 e5 2. Nf3 Nc6 3. Bb5 a6 4. Ba4 Nf6 5. Bxc6 dxc6 6. d3 Bd6 7. Nbd2 Be6 8. Nf1 O-O 9. Ng3 Re8 10. O-O Nd7 11. Be3 Nf8 12. Ng5 f6 13. Nxe6 Nxe6 14. Qg4 Bf8 15. Rad1 Kh8 16. c3 c5 17. f4 exf4 18. Bxf4 Qd7 19. Rd2 1/2-1/2

[Event "XLII Barbera Open 2019"]
[Site "Barbera"]
[Date "2019.07.10"]
[Round "7.4"]
[White "Berdayes Ason, Dylan Isidro"]
[Black "Moskalenko, Viktor"]
[Result "1/2-1/2"]
[ECO "B06"]
[WhiteElo "2461"]
[BlackElo "2500"]
[Annotator "ChessBase"]
[PlyCount "53"]
[EventDate "2019.07.04"]
[EventType "swiss"]
[EventCountry "ESP"]
[SourceTitle "playchess.com"]
[Source "ChessBase"]
[SourceQuality "1"]
[TimeControl "5400+30"]

1. e4 g6 2. d4 Bg7 3. Nf3 d6 4. Bc4 c6 5. h3 d5 6. Bb3 dxe4 7. Ng5 Nh6 8. c3 c5 9. d5 Nf5 10. Nxe4 Nd7 11. O-O O-O 12. Bf4 b5 13. a4 c4 14. Bc2 Nb6 15. axb5 Bb7 16. d6 e5 17. Bc1 Bd5 18. Na3 Nxd6 19. Nxd6 Qxd6 20. Be4 Rfd8 21. Bxd5 Qxd5 22. Qxd5 Rxd5 23. Be3 Rc8 24. Rfd1 Rxd1+ 25. Rxd1 Bf8 26. Nc2 Bc5 27. Ra1 1/2-1/2

[Event "XLII Barbera Open 2019"]
[Site "Barbera"]
[Date "2019.07.10"]
[Round "7.5"]
[White "Perez Mitjans, Orelvis"]
[Black "Oliva Castaneda, Kevel"]
[Result "1/2-1/2"]
[ECO "C84"]
[WhiteElo "2416"]
[BlackElo "2467"]
[Annotator "ChessBase"]
[PlyCount "24"]
[EventDate "2019.07.04"]
[EventType "swiss"]
[EventCountry "ESP"]
[SourceTitle "playchess.com"]
[Source "ChessBase"]
[SourceQuality "1"]
[TimeControl "5400+30"]

1. e4 e5 2. Nf3 Nc6 3. Bb5 a6 4. Ba4 Nf6 5. O-O Be7 6. d3 b5 7. Bb3 d6 8. a3 Na5 9. Ba2 c5 10. Nc3 Be6 11. Ne2 Bxa2 12. Rxa2 O-O 1/2-1/2

[Event "XLII Barbera Open 2019"]
[Site "Barbera"]
[Date "2019.07.10"]
[Round "7.6"]
[White "Sturt, Raven"]
[Black "Sreeshwan Maralakshikari"]
[Result "1-0"]
[ECO "D14"]
[WhiteElo "2429"]
[BlackElo "2461"]
[Annotator "ChessBase"]
[PlyCount "69"]
[EventDate "2019.07.04"]
[EventType "swiss"]
[EventCountry "ESP"]
[SourceTitle "playchess.com"]
[Source "ChessBase"]
[SourceQuality "1"]
[TimeControl "5400+30"]

1. d4 d5 2. c4 c6 3. cxd5 cxd5 4. Nc3 Nf6 5. Nf3 Nc6 6. Bf4 Bf5 7. e3 e6 8. Qb3 Bb4 9. Ne5 O-O 10. Nxc6 Bxc3+ 11. bxc3 bxc6 12. Be2 Qc8 13. Qa3 Rd8 14. f3 a5 15. O-O c5 16. dxc5 Qc6 17. c4 Rdc8 18. Bd6 Ne8 19. Rac1 Nxd6 20. cxd6 dxc4 21. e4 Bg6 22. Rxc4 Qb6+ 23. Kh1 Rxc4 24. Bxc4 Qd4 25. Bb3 Kf8 26. Rd1 Qb4 27. Qc1 Rd8 28. Qc7 Qb8 29. Qe7+ Kg8 30. d7 h6 31. Qc5 Qa8 32. Ba4 Kh7 33. Qc7 f5 34. Bc6 Qc8 35. Qxc8 1-0

[Event "XLII Barbera Open 2019"]
[Site "Barbera"]
[Date "2019.07.10"]
[Round "7.7"]
[White "Vehi Bach, Victor Manuel"]
[Black "Morales, Jhon Alexander"]
[Result "1-0"]
[ECO "B90"]
[WhiteElo "2339"]
[BlackElo "2422"]
[Annotator "NA"]
[PlyCount "69"]
[EventDate "2019.07.04"]
[EventType "swiss"]
[EventCountry "ESP"]
[SourceTitle "playchess.com"]
[Source "ChessBase"]
[SourceQuality "1"]
[TimeControl "5400+30"]

1. e4 c5 2. Nf3 d6 3. d4 cxd4 4. Nxd4 Nf6 5. Nc3 a6 6. Be3 e5 7. Nb3 Be6 8. h3 Be7 9. f4 exf4 10. Bxf4 Nc6 11. Qe2 Nd7 12. O-O-O Nce5 13. Kb1 Rc8 14. Nd5 Bxd5 15. Rxd5 O-O 16. g4 Re8 17. Rd1 Bf8 18. h4 Nc4 19. g5 Ndb6 20. Qf3 Ne5 21. Qg2 g6 22. Be3 Bg7 23. Bd4 Nbd7 24. h5 Nf8 25. hxg6 hxg6 26. Rh4 Qc7 27. Bd3 Ne6 28. Be3 a5 29. Bb5 Red8 30. Rdh1 Kf8 31. Rh7 a4 32. Nd4 Nxd4 33. Bxd4 Qe7 34. Qg3 Qc7 35. Qh2 1-0

[Event "XLII Barbera Open 2019"]
[Site "Barbera"]
[Date "2019.07.10"]
[Round "7.8"]
[White "Garcia Ramos, Daniel"]
[Black "Bobadilla Viera, Jorge Samuel"]
[Result "0-1"]
[ECO "B90"]
[WhiteElo "2336"]
[BlackElo "2381"]
[Annotator "NA"]
[PlyCount "86"]
[EventDate "2019.07.04"]
[EventType "swiss"]
[EventCountry "ESP"]
[SourceTitle "playchess.com"]
[Source "ChessBase"]
[SourceQuality "1"]
[TimeControl "5400+30"]

1. e4 c5 2. Nf3 d6 3. d4 cxd4 4. Nxd4 Nf6 5. Nc3 a6 6. f3 e5 7. Nb3 Be6 8. Be3 h5 9. Qd2 Nbd7 10. O-O-O Rc8 11. Kb1 Be7 12. Bg5 b5 13. a3 O-O 14. h4 Re8 15. Be2 Qb6 16. Be3 Qb8 17. Nd5 Bxd5 18. exd5 Nb6 19. Bxb6 Qxb6 20. Bd3 Nxd5 21. Bf5 Ne3 22. Bxc8 Nxd1 23. Bxa6 Nxb2 24. Bxb5 Qxb5 25. Kxb2 d5 26. Rd1 e4 27. Qxd5 Bf6+ 28. c3 Qxd5 29. Rxd5 e3 30. Nc1 e2 31. Nxe2 Rxe2+ 32. Kb3 g6 33. a4 Rxg2 34. a5 Rg1 35. c4 Ra1 36. Kb4 Bxh4 37. Kb5 Be1 38. a6 h4 39. c5 h3 40. c6 Ra5+ 41. Kc4 Rxa6 42. c7 Rc6+ 43. Rc5 Rxc7 0-1

[Event "XLII Barbera Open 2019"]
[Site "Barbera"]
[Date "2019.07.10"]
[Round "7.10"]
[White "Bhavesh Mahajan"]
[Black "Leon Valdes, Jony Wilson"]
[Result "0-1"]
[ECO "C02"]
[WhiteElo "2051"]
[BlackElo "2364"]
[Annotator "NA"]
[PlyCount "110"]
[EventDate "2019.07.04"]
[EventType "swiss"]
[EventCountry "ESP"]
[SourceTitle "playchess.com"]
[Source "ChessBase"]
[SourceQuality "1"]
[TimeControl "5400+30"]

1. e4 e6 2. d4 d5 3. e5 c5 4. c3 Nc6 5. Nf3 Nge7 6. Na3 Nf5 7. Nc2 Be7 8. Bd3 cxd4 9. Bxf5 exf5 10. Ncxd4 Be6 11. O-O h6 12. Re1 g5 13. Nb5 a6 14. Nd6+ Bxd6 15. exd6 Qxd6 16. Be3 f4 17. Bd4 O-O 18. Ne5 Nxd4 19. Qxd4 Rad8 20. Re2 Bf5 21. Rae1 Rfe8 22. f3 Re6 23. Nd3 Rde8 24. Kf1 Qc6 25. Rxe6 Rxe6 26. Nb4 Qc4+ 27. Kf2 Qxd4+ 28. cxd4 Rb6 29. a3 a5 30. Nxd5 Rxb2+ 31. Kg1 Kf8 32. h4 Rb1 33. Rxb1 Bxb1 34. hxg5 hxg5 35. Kf2 Ke8 36. Ke2 Ba2 37. Nb6 Kd8 38. Kd3 Kc7 39. Nc4 b5 40. Nd2 f5 41. Kc3 Kd6 42. Kd3 Kd5 43. Kc3 Bc4 44. a4 b4+ 45. Kb2 Kxd4 46. Kc2 Bd5 47. Nf1 g4 48. Nd2 g3 49. Nf1 Bxf3 50. gxf3 g2 51. Nd2 g1=Q 52. Nb3+ Kd5 53. Nxa5 Qc5+ 54. Kb2 Qxa5 55. Kb3 Kd4 0-1

[Event "XLII Barbera Open 2019"]
[Site "Barbera"]
[Date "2019.07.11"]
[Round "8.1"]
[White "Harutyunian, Tigran K."]
[Black "Rios, Cristhian Camilo"]
[Result "1-0"]
[ECO "A46"]
[WhiteElo "2539"]
[BlackElo "2520"]
[Annotator "ChessBase"]
[PlyCount "111"]
[EventDate "2019.07.04"]
[EventType "swiss"]
[EventCountry "ESP"]
[SourceTitle "playchess.com"]
[Source "ChessBase"]
[SourceQuality "1"]
[TimeControl "5400+30"]

1. d4 Nf6 2. Nf3 d5 3. c4 e6 4. e3 Be7 5. b3 b6 6. Bb2 Bb7 7. cxd5 exd5 8. Nc3 O-O 9. g3 Re8 10. Bg2 Ba6 11. a3 Nc6 12. b4 Bb7 13. O-O a6 14. Qb3 Bf8 15. Rac1 Qd6 16. Rc2 a5 17. Ne5 Nxe5 18. dxe5 Qxe5 19. Nb5 Qf5 20. Bxf6 Ba6 21. Nxc7 Bxf1 22. Bxf1 Qxf6 23. Nxa8 Rxa8 24. Qxd5 Rd8 25. Qb3 Qf3 26. Be2 Qd5 27. Qxd5 Rxd5 28. Rc7 axb4 29. axb4 Bxb4 30. Bc4 Rf5 31. e4 Rc5 32. Bxf7+ Kf8 33. Rb7 Rc2 34. Bd5 Bc5 35. Rf7+ Ke8 36. h4 h6 37. Kg2 Bd4 38. g4 Bf6 39. Kg3 Rd2 40. Rb7 Be5+ 41. f4 Rd3+ 42. Kf2 Bxf4 43. Rxg7 Rh3 44. g5 hxg5 45. hxg5 Be5 46. Rb7 Rg3 47. g6 Rg5 48. Ke2 Kf8 49. Rf7+ Ke8 50. Bc6+ Kd8 51. Rd7+ Kc8 52. Rd5 Rg2+ 53. Kf1 Rg5 54. Be8 b5 55. Bf7 b4 56. Rxe5 1-0